AoeStats
← Tanana

Pilgrims

509407652Analyzed
4v4 RM · 5d ago on Sep 26, 2026· 27m 53s· 8 players
Game mode
Random Map
Map size
Large (8 player)
Population
200
Speed
Normal
Resources
Standard
Victory
Conquest
Starting age
Dark Age
Ending age
Imperial Age
RankedLock teamsTeams togetherTeam positionsShared explorationLock speedFull tech treeHidden civsTurbo modeCheats
Victory
Defeat
🇹🇼 Byzantines · Taiwan
1331
+17
🇹🇼 Dravidians · Taiwan
1326
+17
🇦🇷 Italians · Argentina
1310
+18
🇸🇪 Slavs · Sweden
1310
+18
🇩🇪 Armenians · Germany
1387
-19
🇩🇪 Franks · Germany
1341
-17
🇩🇪 Persians · Germany
1341
-17
🇩🇪 Koreans · Germany
1339
-17
_Carp_
5:36 Loom
11:47 Feudal Age
17:06 Castle Age
15:14 Fletching
15:34 Padded Archer Armor
17:23 Fishing Lines
18:14 Bodkin Arrow
18:34 Leather Archer Armor
27:31 Imperial Age
26:16 Masonry
25:51 Treadmill Crane
Tuktad
5:13 Loom
11:46 Feudal Age
13:41 Forging
15:56 Castle Age
14:59 Bloodlines
15:05 Fishing Lines
15:36 Scale Barding Armor
16:45 Double-Bit Axe
17:11 Medium Warships
17:39 Iron Casting
17:07 Town Watch
17:54 Careening
19:01 Gold Mining
19:28 Clinker Construction
19:34 Horse Collar
22:00 Wheelbarrow
22:03 Gillnets
24:30 Fletching
25:01 Chain Barding Armor
25:01 Heavy Plow
26:00 Hand Cart
26:24 Husbandry
27:53 Ballistics
2手下留情1
4:47 Loom
13:01 Feudal Age
14:44 Fletching
18:09 Castle Age
好好好吃蛋餅
9:57 Loom
11:43 Feudal Age
13:44 Double-Bit Axe
14:01 Horse Collar
14:13 Gold Mining
16:28 Castle Age
17:36 Medium Warships
18:43 Bow Saw
29:01 Wheelbarrow
Fürst Zono
6:52 Loom
11:30 Feudal Age
15:18 Castle Age
13:16 Double-Bit Axe
14:52 Fletching
16:18 Medium Warships
16:23 Bow Saw
16:14 Bodkin Arrow
22:29 Gold Mining
23:58 Forging
25:59 Horse Collar
I still hate Goths
3:12 Loom
10:48 Feudal Age
14:34 Castle Age
14:58 Fletching
15:06 Light Cavalry
I still love Koreans
6:12 Loom
12:42 Feudal Age
17:15 Castle Age
15:11 Double-Bit Axe
15:23 Fletching
17:33 Wheelbarrow
16:45 Fishing Lines
16:59 Fishing Lines
17:42 Forging
18:46 Medium Warships
18:32 Bodkin Arrow
23:29 Bow Saw
24:31 Hand Cart
24:41 Town Watch
25:34 Masonry
26:43 Gillnets
Tanana
7:48 Loom
12:29 Feudal Age
17:19 Castle Age
18:16 Crossbowman
18:47 Fletching
18:45 Double-Bit Axe
24:32 Scale Barding Armor
27:38 Forging
Connection lost

Rejoining the realm…

Still unreachable

The connection could not be restored.

Session expired

The server has moved on; the page needs a fresh start.